Unix NetHack Version 3.7.0-59 Work-in-progress - last build May 25 2022 12:07:00 (5f964a4ca35ee0fc00824f52a09306978f6a0dc5,branch:master). Game began 2022-05-25 17:58:43, ended 2022-05-25 18:43:36. Blueorb, neutral female human Ranger ---- |..--.. -.@h)..| ).)G.... -....... ... Blueorb the Lookout St:16 Dx:12 Co:13 In:13 Wi:14 Ch:7 Neutral S:735 Dlvl:5 $:207 HP:0(29) Pw:16(16) AC:5 Xp:4/82 T:1671 Burdened Latest messages: In what direction? 4 You shoot 2 arrows. The 1st arrow hits it. The 2nd arrow misses. In what direction? 4 You shoot 2 arrows. The 1st arrow misses. The 2nd arrow misses. In what direction? 4 The arrow misses. In what direction? 4 The arrow hits it. In what direction? 4 You shoot 2 arrows. The 1st arrow hits it. You kill it! Welcome to experience level 4. There are many objects here. $ - 18 gold pieces. c - 2 +2 arrows (in quiver). A - 5 arrows. B - a hard hat. C - a pair of hard shoes. D - a hooded cloak. You have a little trouble lifting a dwarvish mithril-coat. Continue? [ynq] (q) q There is a dwarf corpse here; eat it? [ynq] (n) y Blecch! Rotten food! Everything suddenly goes dark. You finish eating the dwarf corpse. You have a little trouble lifting a dwarvish mithril-coat. Continue? [ynq] (q) y You have a little trouble lifting E - a dwarvish mithril-coat. You have a little trouble lifting F - a scroll labeled LOREM IPSUM. Your movements are slowed slightly because of your load. You try to feel what is lying here on the floor. You try to feel what is lying here on the floor. You feel here a runed dagger. You can see again. The dwarf strikes at your displaced image and misses you! You see here a runed dagger. You have a little trouble lifting G - a runed dagger. The dwarf swings her pick-axe. The dwarf hits! The dwarf swings her pick-axe. The dwarf hits! You die... Do you want your possessions identified? [ynq] (y) y Do you want to see your attributes? [ynq] (y) y Do you want an account of creatures vanquished? [ynaq] (y) y Do you want to see your conduct and achievements? [ynq] (y) y Do you want to see the dungeon overview? [ynq] (y) y Major events: Turn 1: Blueorb the neutral female human Ranger entered the dungeon 1132: entered the Gnomish Mines 1416: attained the rank of Lookout (level 3) 1671: killed by a dwarf Inventory: Coins $ - 207 gold pieces Weapons c - 43 +2 arrows (in quiver) A - 5 +2 arrows d - 37 +0 arrows o - 41 +0 arrows n - a cursed -1 arrow g - 11 cursed +0 crossbow bolts b - a +1 bow (weapon in hand) h - 25 +0 darts a - a corroded +1 dagger (alternate weapon; not wielded) u - a cursed -1 dagger G - a +0 elven dagger Armor B - an uncursed +0 dwarvish iron helm C - an uncursed +0 pair of iron shoes e - an uncursed +2 cloak of displacement (being worn) v - an uncursed +0 cloak of invisibility D - an uncursed +0 dwarvish cloak E - an uncursed +0 dwarvish mithril-coat w - an uncursed +0 leather armor (being worn) Comestibles f - 4 uncursed cram rations t - an uncursed tripe ration Scrolls p - a blessed scroll of confuse monster l - an uncursed scroll of create monster j - a cursed scroll of enchant weapon F - a cursed scroll of identify q - a blessed scroll of teleportation Spellbooks r - an uncursed spellbook of cause fear m - an uncursed spellbook of light Potions z - an uncursed potion of booze y - a cursed potion of polymorph Rings s - a cursed ring of hunger i - an uncursed ring of see invisible Wands x - a blessed wand of teleportation (0:4) Tools k - an uncursed skeleton key Blueorb the Ranger's attributes: Background: You were a Lookout, a level 4 female human Ranger. You were neutral, on a mission for Venus who was opposed by Mercury (lawful) and Mars (chaotic). You were in the Gnomish Mines, on level 5. You entered the dungeon 1671 turns ago. You had 82 experience points, 78 more were needed to attain level 5. Your score was 735 before end-of-game adjustments. Basics: You had 0 out of 29 hit points. You had all 16 energy points (spell power). Your armor class was 5. Your wallet contained 207 zorkmids. Autopickup was off. Final Characteristics: Your strength was 16 (limit:18/100). Your dexterity was 12 (limit:18). Your constitution was 13 (limit:18). Your intelligence was 13 (limit:18). Your wisdom was 14 (limit:18). Your charisma was 7 (limit:18). Final Status: You were not hungry. You were burdened; movement was slightly slowed. You were wielding a bow. You had basic skill with bow. Final Attributes: You were devoutly aligned. You had automatic searching. You were displaced. You were warded. You are dead. Miscellaneous: You never encountered a bones level. Total elapsed playing time was 11 minutes and 52 seconds. Vanquished creatures: a floating eye a dwarf an acid blob a hobbit a yellow mold a green mold 3 gnomes a gnome zombie a gecko 3 jackals 2 foxes a kobold a goblin 3 grid bugs a kobold zombie 2 newts 24 creatures vanquished. No species were genocided or became extinct. Voluntary challenges: You were illiterate. You never engraved Elbereth. You never genocided any monsters. You never polymorphed an object. You never changed form. You used no wishes. Achievements: You entered a shop. You entered the Gnomish Mines. You attained the rank of Lookout. The Dungeons of Doom: levels 1 to 4 Level 1: A fountain. Level 2: An altar to Venus. Level 3: A general store, a sink. Level 4: Some fountains. Stairs down to The Gnomish Mines. The Gnomish Mines: Level 5: <- You were here. Final resting place for you, killed by a dwarf. Game over: ---------- / \ / REST \ / IN \ / PEACE \ / \ | Blueorb | | 207 Au | | killed by a | | dwarf | | | | | | 2022 | *| * * * | * _________)/\\_//(\/(/\)/\//\/|_)_______ Goodbye Blueorb the Ranger... You died in The Gnomish Mines on dungeon level 5 with 715 points, and 207 pieces of gold, after 1671 moves. You were level 4 with a maximum of 29 hit points when you died.